TOP OF THE 1ST |
Lynchburg Hillcats batting - Pitching for Raleigh-Durham Capitals : RHP Brian Ryder
|
Pitching: RHP Brian Ryder
|
|
Batting: RHB Ronald Lee
|
0-0: Swinging Strike 0-1: Ball 1-1: Called Strike 1-2: Ball 2-2: Strikes out swinging
|
Batting: RHB Russ Quetti
|
0-0: Called Strike 0-1: Fly out, F5 (Line Drive, 5, EV 66.3 MPH)
|
Batting: RHB William Lajoie
|
0-0: Called Strike 0-1: Fly out, F9 (Flyball, 9D, EV 103.1 MPH)
|
Top of the 1st over - 0 runs, 0 hits, 0 errors, 0 left on base; Lynchburg 0 - Raleigh-Durham 0 |
BOTTOM OF THE 1ST |
Raleigh-Durham Capitals batting - Pitching for Lynchburg Hillcats : RHP Miguel Carrizales
|
Pitching: RHP Miguel Carrizales
|
|
Batting: SHB Horace Ransom
|
0-0: Foul Ball, location: 2F 0-1: Swinging Strike 0-2: Foul Ball, location: 2F 0-2: Strikes out swinging
|
Batting: RHB Tony Camara
|
0-0: Ball 1-0: Ball 2-0: Foul Ball, location: 2F 2-1: Foul Ball, location: 2F 2-2: Foul Ball, location: 2F 2-2: Foul Ball, location: 2F 2-2: Ball 3-2: Base on Balls
|
Batting: LHB Mark Reynolds
|
0-0: Foul Ball, location: 2F 0-1: Ball 1-1: Ball 2-1: Ball 3-1: Base on Balls Tony Camara to second
|
Batting: RHB Christopher Barbone
|
0-0: Fly out, F9 (Flyball, 9D, EV 104.4 MPH) Runner from 2nd tags up, SAFE at 3rd, no throw by RF
|
Batting: LHB Richard Kelly
|
0-0: Ball 1-0: Foul Ball, location: 2F 1-1: Ball 2-1: Ball 3-1: Base on Balls Mark Reynolds to second
|
Batting: RHB Richard Ferchen
|
0-0: Foul Ball, location: 2F 0-1: Foul Ball, location: 2F 0-2: Ball 1-2: Strikes out looking
|
Bottom of the 1st over - 0 runs, 0 hits, 0 errors, 3 left on base; Lynchburg 0 - Raleigh-Durham 0 |
TOP OF THE 2ND |
Lynchburg Hillcats batting - Pitching for Raleigh-Durham Capitals : RHP Brian Ryder
|
Batting: RHB Richard Witt
|
0-0: Called Strike 0-1: Ball 1-1: SOLO HOME RUN (Flyball, 78XD, EV 100.6 MPH), Distance : 398 ft
|
Batting: RHB Kenneth Tillman
|
0-0: Foul Ball, location: 2F 0-1: Fly out, F9 (Flyball, 9S, EV 90.6 MPH)
|
Batting: LHB Harold Warner
|
0-0: Swinging Strike 0-1: Swinging Strike 0-2: Ball 1-2: Strikes out swinging
|
Batting: RHB Frederic Wade
|
0-0: Called Strike 0-1: Called Strike 0-2: Ground out 5-3 (Groundball, 5L, EV 94.4 MPH)
|
Top of the 2nd over - 1 run, 1 hit, 0 errors, 0 left on base; Lynchburg 1 - Raleigh-Durham 0 |
BOTTOM OF THE 2ND |
Raleigh-Durham Capitals batting - Pitching for Lynchburg Hillcats : RHP Miguel Carrizales
|
Batting: RHB Luis Brito
|
0-0: Ball 1-0: Ground out 5-3 (Groundball, 5S, EV 88.8 MPH)
|
Batting: LHB Donald Jamerson
|
0-0: Called Strike 0-1: Ball 1-1: Foul Ball, location: 2F 1-2: Strikes out looking
|
Batting: RHB Bobby Supel
|
0-0: Ball 1-0: Ball 2-0: Called Strike 2-1: Foul Ball, location: 2F 2-2: SINGLE (Groundball, 34S, EV 75.6 MPH) (infield hit)
|
Batting: SHB Horace Ransom
|
0-0: Ball 1-0: Ball 2-0: Called Strike 2-1: Ball 3-1: Foul Ball, location: 2F 3-2: Foul Ball, location: 2F 3-2: Foul Ball, location: 2F 3-2: Foul Ball, location: 2F 3-2: Fly out, F8 (Flyball, 8LD, EV 101.9 MPH)
|
Bottom of the 2nd over - 0 runs, 1 hit, 0 errors, 1 left on base; Lynchburg 1 - Raleigh-Durham 0 |
TOP OF THE 3RD |
Lynchburg Hillcats batting - Pitching for Raleigh-Durham Capitals : RHP Brian Ryder
|
Batting: LHB Eb MacDonald
|
0-0: Ball 1-0: Called Strike 1-1: Ball 2-1: Ball 3-1: Called Strike 3-2: Foul Ball, location: 2F 3-2: Base on Balls
|
Batting: RHB Felix Estrada
|
0-0: Called Strike 0-1: Swinging Strike 0-2: Fly out, F9 (Flyball, 89D, EV 90.6 MPH)
|
Batting: RHB Ronald Lee
|
0-0: Called Strike 0-1: Called Strike 0-2: Ball 1-2: Foul Ball, location: 2F 1-2: Strikes out swinging
|
Batting: RHB Russ Quetti
|
0-0: SINGLE (Flyball, 6MD, EV 93.1 MPH) Eb MacDonald to second
|
Batting: RHB William Lajoie
|
0-0: Fly out, F3 (Flyball, 3D, EV 95.0 MPH)
|
Top of the 3rd over - 0 runs, 1 hit, 0 errors, 2 left on base; Lynchburg 1 - Raleigh-Durham 0 |
BOTTOM OF THE 3RD |
Raleigh-Durham Capitals batting - Pitching for Lynchburg Hillcats : RHP Miguel Carrizales
|
Batting: RHB Tony Camara
|
0-0: Ball 1-0: Ball 2-0: Ball 3-0: Base on Balls
|
Batting: LHB Mark Reynolds
|
0-0: Ball 1-0: Swinging Strike 1-1: Ball 2-1: Fly out, F8 (Flyball, 8LS, EV 72.5 MPH)
|
Batting: RHB Christopher Barbone
|
0-0: Ball 1-0: Ball 2-0: Called Strike 2-1: Foul Ball, location: 2F 2-2: Ball 3-2: Foul Ball, location: 2F 3-2: Base on Balls Tony Camara to second
|
Batting: LHB Richard Kelly
|
0-0: Ball 1-0: Ball 2-0: Ball 3-0: Called Strike 3-1: Base on Balls Tony Camara to third Christopher Barbone to second
|
Batting: RHB Richard Ferchen
|
0-0: Ground out 5-3 (Groundball, 5S, EV 72.5 MPH) Tony Camara scores Christopher Barbone to third Richard Kelly to second
|
Batting: RHB Luis Brito
|
0-0: Ground out 4-3 (Groundball, 4, EV 81.9 MPH)
|
Bottom of the 3rd over - 1 run, 0 hits, 0 errors, 2 left on base; Lynchburg 1 - Raleigh-Durham 1 |
TOP OF THE 4TH |
Lynchburg Hillcats batting - Pitching for Raleigh-Durham Capitals : RHP Brian Ryder
|
Batting: RHB Richard Witt
|
0-0: Ball 1-0: Ball 2-0: Called Strike 2-1: Foul Ball, location: 3F, Error on foul ball, E3 2-2: Ball 3-2: Ground out 6-3 (Groundball, 6M, EV 103.8 MPH)
|
Batting: RHB Kenneth Tillman
|
0-0: SINGLE (Groundball, 56D, EV 95.6 MPH)
|
Batting: LHB Harold Warner
|
0-0: Fly out, F7 (Flyball, 7S, EV 88.1 MPH)
|
Batting: RHB Frederic Wade
|
0-0: Ball 1-0: Swinging Strike 1-1: Ball 2-1: Swinging Strike 2-2: Ball 3-2: Strikes out looking
|
Top of the 4th over - 0 runs, 1 hit, 1 error, 1 left on base; Lynchburg 1 - Raleigh-Durham 1 |
BOTTOM OF THE 4TH |
Raleigh-Durham Capitals batting - Pitching for Lynchburg Hillcats : RHP Miguel Carrizales
|
Batting: LHB Donald Jamerson
|
0-0: Ball 1-0: Fly out, F4 (Line Drive, 4, EV 72.5 MPH)
|
Batting: RHB Bobby Supel
|
0-0: Swinging Strike 0-1: Ball 1-1: Foul Ball, location: 2F 1-2: Strikes out looking
|
Batting: SHB Horace Ransom
|
0-0: Ball 1-0: Ball 2-0: Foul Ball, location: 2F 2-1: Foul Ball, location: 2F 2-2: Strikes out swinging
|
Bottom of the 4th over - 0 runs, 0 hits, 0 errors, 0 left on base; Lynchburg 1 - Raleigh-Durham 1 |
TOP OF THE 5TH |
Lynchburg Hillcats batting - Pitching for Raleigh-Durham Capitals : RHP Brian Ryder
|
Batting: LHB Eb MacDonald
|
0-0: Ground out 4-3 (Groundball, 4, EV 77.5 MPH)
|
Batting: RHB Felix Estrada
|
0-0: Ground out 6-3 (Groundball, 6, EV 81.3 MPH)
|
Batting: RHB Ronald Lee
|
0-0: Called Strike 0-1: Swinging Strike 0-2: Ball 1-2: Strikes out swinging
|
Top of the 5th over - 0 runs, 0 hits, 0 errors, 0 left on base; Lynchburg 1 - Raleigh-Durham 1 |
BOTTOM OF THE 5TH |
Raleigh-Durham Capitals batting - Pitching for Lynchburg Hillcats : RHP Miguel Carrizales
|
Batting: RHB Tony Camara
|
0-0: Ball 1-0: Called Strike 1-1: Called Strike 1-2: Ball 2-2: Fly out, F9 (Line Drive, 9D, EV 96.3 MPH)
|
Batting: LHB Mark Reynolds
|
0-0: Fly out, F8 (Flyball, 8RD, EV 101.9 MPH)
|
Batting: RHB Christopher Barbone
|
0-0: Foul Ball, location: 2F 0-1: Ball 1-1: Ball 2-1: Foul Ball, location: 2F 2-2: Ball 3-2: Fly out, F8 (Flyball, 8LM, EV 89.4 MPH)
|
Bottom of the 5th over - 0 runs, 0 hits, 0 errors, 0 left on base; Lynchburg 1 - Raleigh-Durham 1 |
TOP OF THE 6TH |
Lynchburg Hillcats batting - Pitching for Raleigh-Durham Capitals : RHP Brian Ryder
|
Batting: RHB Russ Quetti
|
0-0: SINGLE (Line Drive, 56D, EV 95.0 MPH)
|
Batting: RHB William Lajoie
|
0-0: Swinging Strike 0-1: Ball 1-1: Foul Ball, location: 2F 1-2: Foul Ball, location: 2F 1-2: Ball Balk! Russ Quetti to second 2-2: Foul Ball, location: 2F 2-2: Foul Ball, location: 2F 2-2: Strikes out looking
|
Batting: RHB Richard Witt
|
0-0: Intentional Walk
|
Batting: RHB Kenneth Tillman
|
0-0: Ball 1-0: Foul Ball, location: 2F 1-1: Foul Ball, location: 2F 1-2: Foul Ball, location: 2F 1-2: Foul Ball, location: 2F 1-2: Foul Ball, location: 2F 1-2: Strikes out swinging
|
Batting: LHB Harold Warner
|
0-0: Ball 1-0: Foul Ball, location: 2F 1-1: Ball 2-1: Foul Ball, location: 2F 2-2: Foul Ball, location: 2F 2-2: Strikes out swinging
|
Top of the 6th over - 0 runs, 1 hit, 0 errors, 2 left on base; Lynchburg 1 - Raleigh-Durham 1 |
BOTTOM OF THE 6TH |
Raleigh-Durham Capitals batting - Pitching for Lynchburg Hillcats : RHP Miguel Carrizales
|
Batting: LHB Richard Kelly
|
0-0: Fly out, F6 (Popup, 4S, EV 76.9 MPH)
|
Batting: RHB Richard Ferchen
|
0-0: Ground out 6-3 (Groundball, 6, EV 110.0 MPH)
|
Batting: RHB Luis Brito
|
0-0: Ball 1-0: Called Strike 1-1: Ball 2-1: Foul Ball, location: 2F 2-2: Ground out 4-3 (Groundball, 4, EV 87.5 MPH)
|
Bottom of the 6th over - 0 runs, 0 hits, 0 errors, 0 left on base; Lynchburg 1 - Raleigh-Durham 1 |
TOP OF THE 7TH |
Lynchburg Hillcats batting - Pitching for Raleigh-Durham Capitals : RHP Brian Ryder
|
Batting: RHB Frederic Wade
|
0-0: Called Strike 0-1: Foul Ball, location: 2F 0-2: Foul Ball, location: 2F 0-2: Ball 1-2: Ball 2-2: Ball 3-2: Base on Balls
|
Batting: LHB Eb MacDonald
|
0-0: Called Strike 0-1: Bunted foul 0-2: Ball 1-2: Fly out, F9 (Line Drive, 9, EV 101.3 MPH)
|
Batting: RHB Felix Estrada
|
0-0: Foul Ball, location: 2F 0-1: Ball 1-1: Swinging Strike 1-2: Strikes out looking
|
Batting: RHB Ronald Lee
|
0-0: Called Strike 0-1: Ball 1-1: Ball 2-1: Foul Ball, location: 2F 2-2: Ball 3-2: Foul Ball, location: 2F 3-2: DOUBLE (Line Drive, 78D, EV 106.3 MPH) Frederic Wade to third Frederic Wade scores
|
Batting: RHB Russ Quetti
|
0-0: Foul Ball, location: 2F 0-1: Foul Ball, location: 2F 0-2: Strikes out looking
|
Top of the 7th over - 1 run, 1 hit, 0 errors, 1 left on base; Lynchburg 2 - Raleigh-Durham 1 |
BOTTOM OF THE 7TH |
Raleigh-Durham Capitals batting - Pitching for Lynchburg Hillcats : RHP Miguel Carrizales
|
Batting: LHB Donald Jamerson
|
0-0: Ground out 2-3 (Groundball, 2R, EV 70.6 MPH)
|
Batting: RHB Bobby Supel
|
0-0: Ball 1-0: Ball 2-0: Called Strike 2-1: Called Strike 2-2: Foul Ball, location: 2F 2-2: Ball 3-2: Strikes out swinging
|
Batting: SHB Horace Ransom
|
0-0: Ground out 5-3 (Groundball, 56, EV 76.3 MPH)
|
Bottom of the 7th over - 0 runs, 0 hits, 0 errors, 0 left on base; Lynchburg 2 - Raleigh-Durham 1 |
TOP OF THE 8TH |
Lynchburg Hillcats batting - Pitching for Raleigh-Durham Capitals : RHP Brian Ryder
|
Batting: RHB William Lajoie
|
0-0: Called Strike 0-1: Foul Ball, location: 2F 0-2: Ball 1-2: Ball 2-2: Ball 3-2: SINGLE (Flyball, 5D, EV 91.9 MPH)
|
Batting: RHB Richard Witt
|
0-0: Ball 1-0: SINGLE (Line Drive, 34D, EV 97.5 MPH) William Lajoie to second
|
Batting: RHB Kenneth Tillman
|
0-0: Ball 1-0: Ball 2-0: Called Strike 2-1: Ball 3-1: Base on Balls William Lajoie to third Richard Witt to second
|
Batting: LHB Harold Warner
|
0-0: Swinging Strike 0-1: Fly out, F9 (Flyball, 9D, EV 108.1 MPH) Runner from 3rd tags up, SCORES, no throw by RF
|
Batting: RHB Frederic Wade
|
0-0: Swinging Strike 0-1: Called Strike 0-2: Ball Wild Pitch! Richard Witt to third Kenneth Tillman to second 1-2: Ball 2-2: Strikes out swinging
|
Batting: LHB Eb MacDonald
|
0-0: Ball 1-0: Swinging Strike 1-1: Fly out, F4 (Line Drive, 4, EV 66.9 MPH)
|
Top of the 8th over - 1 run, 2 hits, 0 errors, 2 left on base; Lynchburg 3 - Raleigh-Durham 1 |
BOTTOM OF THE 8TH |
Raleigh-Durham Capitals batting - Pitching for Lynchburg Hillcats : RHP Miguel Carrizales
|
Batting: RHB Tony Camara
|
0-0: Ball 1-0: Swinging Strike 1-1: Ball 2-1: Foul Ball, location: 2F 2-2: Ball 3-2: Strikes out swinging
|
Batting: LHB Mark Reynolds
|
0-0: Called Strike 0-1: Ball 1-1: Fly out, F9 (Flyball, 9D, EV 90.0 MPH)
|
Batting: RHB Christopher Barbone
|
0-0: Foul Ball, location: 2F 0-1: Ball 1-1: Foul Ball, location: 2F 1-2: Foul Ball, location: 2F 1-2: Ball 2-2: Ball 3-2: Foul Ball, location: 2F 3-2: Base on Balls
|
Pitching: RHP Paul Steets
|
|
Batting: LHB Richard Kelly
|
0-0: Swinging Strike 0-1: Ball 1-1: Fly out, F5 (Line Drive, 5, EV 71.9 MPH)
|
Bottom of the 8th over - 0 runs, 0 hits, 0 errors, 1 left on base; Lynchburg 3 - Raleigh-Durham 1 |
TOP OF THE 9TH |
Lynchburg Hillcats batting - Pitching for Raleigh-Durham Capitals : RHP Brian Ryder
|
Pitching: LHP Randall Binkley
|
|
Batting: RHB Felix Estrada
|
0-0: Called Strike 0-1: Fly out, F6 (Popup, 6MS, EV 63.1 MPH)
|
Batting: RHB Ronald Lee
|
0-0: Reached on error, E5 (Groundball, 56, EV 90.0 MPH)
|
Batting: RHB Russ Quetti
|
0-0: Ball 1-0: Foul Ball, location: 2F 1-1: Foul Ball, location: 2F 1-2: Strikes out swinging
|
Batting: RHB William Lajoie
|
0-0: Foul Ball, location: 2F 0-1: Ball 1-1: Fly out, F8 (Flyball, 8LD, EV 89.4 MPH)
|
Top of the 9th over - 0 runs, 0 hits, 1 error, 1 left on base; Lynchburg 3 - Raleigh-Durham 1 |
BOTTOM OF THE 9TH |
Raleigh-Durham Capitals batting - Pitching for Lynchburg Hillcats : RHP Paul Steets
|
Batting: RHB Richard Ferchen
|
0-0: Swinging Strike 0-1: Ball 1-1: Ball 2-1: Called Strike 2-2: Ball 3-2: Base on Balls
|
Pinch Hitting: LHB Dermot Moriarty
|
0-0: Ball 1-0: Foul Ball, location: 2F 1-1: Fly out, F9 (Flyball, 89S, EV 85.0 MPH)
|
Batting: LHB Donald Jamerson
|
0-0: Swinging Strike 0-1: Ball 1-1: Ball 2-1: Swinging Strike 2-2: Foul Ball, location: 2F 2-2: TRIPLE (Line Drive, 78XD, EV 103.1 MPH) Richard Ferchen scores
|
Batting: RHB Bobby Supel
|
0-0: Ball 1-0: Ball 2-0: Called Strike 2-1: Swinging Strike 2-2: Foul Ball, location: 2F 2-2: Foul Ball, location: 2F 2-2: Foul Ball, location: 2F 2-2: Strikes out looking and he ARGUES THE CALL AND IS TOSSED!
|
Batting: SHB Horace Ransom
|
0-0: Called Strike 0-1: Ball 1-1: Ball 2-1: Ball 3-1: Base on Balls
|
Batting: RHB Tony Camara
|
0-0: Swinging Strike 0-1: Ball 1-1: Ball 2-1: Ball 3-1: SINGLE (Groundball, P, EV 85.6 MPH) (infield hit) Donald Jamerson scores Horace Ransom to second
|
Batting: LHB Mark Reynolds
|
0-0: Ball 1-0: SINGLE (Groundball, 6MS, EV 85.0 MPH) (infield hit) Horace Ransom to third Tony Camara to second
|
Batting: RHB Christopher Barbone
|
0-0: Called Strike 0-1: Ball 1-1: Ball 2-1: Called Strike 2-2: Ball 3-2: SINGLE (Groundball, 6M, EV 108.8 MPH) Horace Ransom scores
|
Bottom of the 9th over - 3 runs, 4 hits, 0 errors, 0 left on base; Lynchburg 3 - Raleigh-Durham 4 |
GAME OVER ... RALEIGH |
Durham defeats Lynchburg, 4 to 3
|
|
|